AoeStats
← Hyxar

Arena

509935432Analyzed
2v2 RM · 2d ago on Sep 28, 2026· 41m 56s· 4 players
Game mode
Random Map
Map size
Medium (4 player)
Population
200
Speed
Normal
Resources
Standard
Victory
Conquest
Starting age
Dark Age
Ending age
Imperial Age
RankedLock teamsTeams togetherTeam positionsShared explorationLock speedFull tech treeHidden civsTurbo modeCheats
Victory
Defeat
🇷🇺 Malay · Russia
1229
+15
🇩🇪 Slavs · Germany
1208
+15
🇸🇪 Britons · Sweden
1202
-15
🇸🇪 Danes · Sweden
1190
-15
Jonas
11:55 Feudal Age
15:33 Castle Age
14:51 Stone Mining
14:48 Double-Bit Axe
14:44 Horse Collar
19:27 Bow Saw
19:17 Heavy Plow
19:10 Loom
24:01 Wheelbarrow
25:39 Detinets
29:19 Imperial Age
28:14 Gold Mining
28:29 Scale Mail Armor
28:40 Forging
29:27 Chain Mail Armor
29:23 Forging
29:50 Gold Shaft Mining
30:02 Hand Cart
29:34 Capped Ram
29:36 Man-at-Arms
30:16 Squires
30:47 Plate Mail Armor
31:34 Town Watch
32:26 Iron Casting
31:38 Long Swordsman
32:34 Two-Handed Swordsman
36:10 Siege Ram
36:57 Champion
40:57 Hoardings
40:43 Conscription
TRMA | Zelfou
10:47 Feudal Age
15:33 Castle Age
13:39 Double-Bit Axe
15:27 Bow Saw
15:39 Gold Mining
17:45 Scale Barding Armor
17:53 Forging
17:48 Horse Collar
17:57 Loom
21:27 Town Watch
22:11 Husbandry
22:25 Stone Mining
23:20 Fletching
28:47 Devotion
29:27 Squires
30:11 Wheelbarrow
32:44 Imperial Age
32:02 Scale Barding Armor
32:15 Heavy Plow
32:18 Husbandry
33:08 Light Cavalry
34:44 Iron Casting
34:39 Conscription
35:11 Bodkin Arrow
35:38 Elite Skirmisher
37:24 Padded Archer Armor
38:03 Bracer
39:03 Ballistics
40:23 Blast Furnace
39:41 Leather Archer Armor
40:26 Blast Furnace
41:20 Chemistry
40:32 Masonry
40:06 Treadmill Crane
40:36 Masonry
Hyxar
11:02 Feudal Age
14:34 Castle Age
12:23 Double-Bit Axe
14:38 Horse Collar
16:42 Loom
17:42 Sanctity
17:33 Fervor
21:52 Wheelbarrow
21:40 Heavy Plow
23:38 Hand Cart
24:44 Man-at-Arms
26:28 Fletching
26:53 Long Swordsman
28:00 Bodkin Arrow
28:06 Padded Archer Armor
28:21 Gambesons
28:39 Scale Mail Armor
28:50 Forging
29:30 Ballistics
29:28 Squires
30:00 Masonry
30:02 Fortified Wall
30:20 Arson
36:27 Imperial Age
35:00 Crossbowman
36:30 Leather Archer Armor
36:32 Chain Mail Armor
37:48 Conscription
36:59 Elite Longbowman
37:47 Bracer
38:18 Ring Archer Armor
39:15 Yeomen
41:09 Chemistry
40:48 Arbalester
BorkJutsu
10:25 Feudal Age
14:12 Castle Age
13:06 Stone Mining
13:28 Loom
15:27 Double-Bit Axe
19:12 Arson
21:04 Scale Mail Armor
22:08 Squires
22:04 Horse Collar
24:39 Chain Mail Armor
28:35 Imperial Age
26:13 Pikeman
30:41 Chain Mail Armor
33:06 Halberdier
Connection lost

Rejoining the realm…

Still unreachable

The connection could not be restored.

Session expired

The server has moved on; the page needs a fresh start.